 Dungeon Crawl Stone Soup version 0.19.5 (console) character file.

6258 Grinner the Grappler (level 10, -2/127 HPs)
             Began as a Troll Gladiator on Mar 2, 2017.
             Slain by a wyvern (7 damage)
             ... on level 9 of the Dungeon.
             The game lasted 00:18:31 (7209 turns).

Grinner the Grappler (Troll Gladiator)              Turns: 7209, Time: 00:18:33

Health: -2/127     AC: 25    Str: 25    XL:     10   Next: 62%
Magic:  9/9        EV:  1    Int:  4    God:
Gold:   325        SH: 10    Dex: 13    Spells: 0 memorised, 9 levels left

rFire  + . .     SeeInvis .       - Unarmed
rCold  + . .     Gourm    +     (armour currently unavailable)
rNeg   + + +     Faith    .     K - +0 shield
rPois  +         Spirit   .     (helmet currently unavailable)
rElec  +         Reflect  .     (cloak currently unavailable)
rCorr  +         Harm     .     (gloves unavailable)
MR     +....     NoTele   +     (boots unavailable)
Stlth  +.........               (no amulet)
                                v - ring of poison resistance
                                e - ring of protection from magic

@: tree-form, resistant, very slightly contaminated
A: unfitting armour, (claws 0), fast metabolism 3, gourmand, regeneration 1,
(shaggy fur 0), (tough skin 0)
a: no special abilities


You were on level 9 of the Dungeon.
You were full.
You were a tree.
You visited 1 branch of the dungeon, and saw 9 of its levels.

You collected 476 gold pieces.
You spent 151 gold pieces at shops.

Inventory:

Missiles
 c - 2 throwing nets (quivered)
Armour
 a - a +0 robe (melded)
 b - a +0 hat (melded)
 C - a +0 cloak (melded)
 K - a +0 shield (worn)
Jewellery
 e - a ring of protection from magic (left branch)
 j - an uncursed ring of protection from cold
 v - a ring of poison resistance (right branch)
Wands
 p - a wand of acid (9/15)
 z - a wand of acid (4/15)
 E - a wand of enslavement (12/24)
 I - a wand of teleportation (7/9)
 M - a wand of slowing (24/48)
Scrolls
 g - 4 scrolls of random uselessness
 i - 3 scrolls of teleportation
 k - 3 scrolls of fog
 m - 7 scrolls of remove curse
 n - a scroll of amnesia
 r - 3 scrolls of enchant armour
 w - a scroll of recharging
 y - 3 scrolls of fear {unknown}
 L - 2 scrolls of enchant weapon
 N - a scroll of magic mapping
Potions
 h - 3 potions of might {unknown}
 s - a potion of flight
 A - 2 potions of resistance
 B - a potion of haste {unknown}
 D - a potion of magic {unknown}
 F - a potion of brilliance {unknown}
 H - a potion of ambrosia {unknown}
 J - a potion of lignification
Comestibles
 d - 9 bread rations
 l - 5 meat rations
 q - 3 chunks of flesh
 u - 3 fruits
 x - a beef jerky
 G - 11 royal jellies


   Skills:
 - Level 1.5 Fighting
 - Level 1.7 Throwing
 - Level 6.2 Dodging
 + Level 6.4 Shields
 + Level 12.4 Unarmed Combat


You had 9 spell levels left.
You didn't know any spells.

Dungeon Overview and Level Annotations

Branches:
Dungeon (9/15)             Temple (0/1) D:6
   Lair: D:8-11         Orc: D:9-12

Altars:
Cheibriados
Dithmenos
Elyvilon
Makhleb
Nemelex Xobeh
Okawaru
Uskayaw
Vehumet
Zin
The Shining One

Shops:
D:5 *

Annotations:
D:4 1 runed door


Innate Abilities, Weirdness & Mutations

You are too large for most types of armour.
((You have claws for hands.))
Your metabolism is lightning-fast.
You like to eat raw meat.
Your natural rate of healing is unusually fast.
((You are covered in fur. (AC +1)))
((You have very tough skin. (AC +2)))


Message History

You block something's attack. The wyvern misses you.
It was a potion of lignification.
You turn into a tree.
Your +0 cloak melds into your body.
Your +0 hat melds into your body.
Your +0 robe melds into your body.
Your roots penetrate the ground.
You feel strangely stable. Something hits you but does no damage.
You block the wyvern's attack.
The wyvern bites you but does no damage.
The jelly jiggles.
The jelly hits you but does no damage.
You pummel the jelly!!
You kill the jelly!
Something hits you but does no damage. You block the wyvern's attack.
You smack the hound!
You kill the hound!
Something hits you but does no damage.
The wyvern bites you but does no damage.
You pummel the wyvern!!
The wyvern is severely wounded.
The wyvern bites you!
You die...

........#
........#
#.......# .
#..[....# .#
#.......# ..#
#.......# ..
........# ##.###.
........#
##{§.....
.#####.## #.
#♣l§.....(
.......#
#...#§§§###..#
.#######
#...##§§..##%# ##
#...###....l.
##########
#.....##...#.
.......(.#
#......#.J## #
########.#
#......#..# ...
#.#
#.......)§#...h.
#.###(.(/((#.....#


You could see a wyvern.

Vanquished Creatures
  A centaur warrior (D:9)
  A manticore (D:9)
  The ghost of Danteric the Cudgeler, a novice GrFi (D:5)
  A troll (D:9)
  A two-headed ogre (D:8)
  Sigmund (D:2)
  Menkaure (D:4)
  A water moccasin (D:7)
  3 ice beasts
  An orc warrior (D:7)
  5 necrophages
  A hornet zombie (D:9)
  2 phantoms
  6 centaurs
  6 ogres
  3 big kobolds
  A gnoll sergeant (D:5)
  A bullfrog (D:7)
  5 killer bees (D:9)
  7 wights
  2 howler monkeys
  2 centaur zombies (D:8)
  A bullfrog zombie (D:8)
  5 jellies
  2 hounds
  A bullfrog skeleton (D:8)
  3 orc priests
  7 orc wizards
  A centaur skeleton (D:3)
  An iguana (D:4)
  8 worker ants
  A howler monkey zombie (D:7)
  A worker ant zombie (D:8)
  3 gnolls (D:5)
  8 adders
  A shadow imp (D:9)
  6 oozes
  An adder zombie (D:6)
  An adder skeleton (D:5)
  3 worms
  A dart slug (D:3)
  3 leopard geckos
  24 orcs
  9 giant cockroaches
  7 hobgoblins
  13 jackals
  17 kobolds
  4 quokkas
  2 ball pythons
  7 bats
  5 frilled lizards
  12 goblins
  A jackal skeleton (D:7)
  5 rats
217 creatures vanquished.

Notes
Turn   | Place    | Note
-------+----------+-------------------------------------------
     0 | D:1      | Grinner the Troll Gladiator began the quest for the Orb.
     0 | D:1      | Reached XP level 1. HP: 19/19 MP: 0/0
   157 | D:1      | Reached XP level 2. HP: 27/27 MP: 1/1
   652 | D:1      | Reached XP level 3. HP: 25/33 MP: 2/2
  1092 | D:2      | Noticed Sigmund
  1094 | D:2      | Reached skill level 4 in Unarmed Combat
  1100 | D:2      | Killed Sigmund
  1100 | D:2      | Reached skill level 5 in Unarmed Combat
  1100 | D:2      | Reached XP level 4. HP: 28/41 MP: 3/3
  1100 | D:2      | Reached XP level 5. HP: 33/48 MP: 4/4
  1335 | D:2      | Found a hide-covered altar of Uskayaw.
  1350 | D:2      | Found a radiant altar of Vehumet.
  1353 | D:2      | Found a shadowy altar of Dithmenos.
  1356 | D:2      | Found a snail-covered altar of Cheibriados.
  1807 | D:3      | Reached XP level 6. HP: 39/55 MP: 5/5
  1935 | D:3      | Found a sparkling altar of Nemelex Xobeh.
  2352 | D:4      | Found a white marble altar of Elyvilon.
  2352 | D:4      | Found a runed door.
  2352 | D:4      | Noticed an angel
  2501 | D:4      | Reached skill level 6 in Unarmed Combat
  2603 | D:4      | Noticed Menkaure
  2610 | D:4      | Killed Menkaure
  2610 | D:4      | Reached XP level 7. HP: 33/62 MP: 6/6
  2730 | D:4      | Reached skill level 7 in Unarmed Combat
  3058 | D:5      | Entered Level 5 of the Dungeon
  3242 | D:5      | Found Eschilugaf's Assorted Antiques.
  3248 | D:5      | Bought an amethyst potion for 18 gold pieces
  3248 | D:5      | Bought a cloak for 94 gold pieces
  3248 | D:5      | Bought a fuming clear potion for 18 gold pieces
  3248 | D:5      | Bought a scroll labeled NUDYSA COLIGRU for 21 gold pieces
  3279 | D:5      | Noticed Danteric's ghost (novice GrFi)
  3291 | D:5      | Killed Danteric's ghost
  3291 | D:5      | Reached skill level 5 in Dodging
  3291 | D:5      | Reached skill level 8 in Unarmed Combat
  3291 | D:5      | Reached XP level 8. HP: 70/70 MP: 7/7
  3427 | D:5      | Found a white marble altar of Elyvilon.
  3428 | D:5      | Found a glowing silver altar of Zin.
  3429 | D:5      | Found a glowing golden altar of the Shining One.
  3721 | D:6      | Found a burning altar of Makhleb.
  4173 | D:6      | Found a glowing golden altar of the Shining One.
  4256 | D:6      | Reached skill level 9 in Unarmed Combat
  4435 | D:6      | Found a staircase to the Ecumenical Temple.
  4904 | D:7      | Reached skill level 10 in Unarmed Combat
  4905 | D:7      | Reached XP level 9. HP: 53/76 MP: 8/8
  5162 | D:7      | Reached skill level 1 in Shields
  5844 | D:8      | Found an iron altar of Okawaru.
  5854 | D:8      | Reached skill level 11 in Unarmed Combat
  6093 | D:8      | Found Piono's Antique Weapon Emporium.
  6106 | D:8      | Reached XP level 10. HP: 69/85 MP: 9/9
  6334 | D:8      | Reached skill level 5 in Shields
  6791 | D:9      | Reached skill level 12 in Unarmed Combat
  7148 | D:9      | Noticed a manticore
  7158 | D:9      | Killed a manticore
  7171 | D:9      | Noticed a centaur warrior
  7183 | D:9      | Killed a centaur warrior
  7204 | D:9      | HP: 1/85 [something (11)]
  7209 | D:9      | Slain by a wyvern

Skill      XL: |  1  2  3  4  5  6  7  8  9 10 |
---------------+-------------------------------+-----
Dodging        | 3 4 5 6 |  6.2
Unarmed Combat | 5 6 8 10 11 12 | 12.4
Shields        | 4 6 |  6.4
Fighting       | |  1.5
Throwing       | |  1.7

Action                   |  1- 3 |  4- 6 |  7- 9 | 10-12 || total
-------------------------+-------+-------+-------+-------++-------
Melee: Unarmed           |    85 |   122 |   364 |   118 ||   689
       Punch             |     2 |     3 |     8 |       ||    13
Throw: Throwing net      |       |       |     2 |       ||     2
  Use: Scroll            |       |       |     8 |     6 ||    14
       Potion            |       |       |     3 |     7 ||    10
 Stab: Distracted        |       |       |     1 |       ||     1
       Sleeping          |       |       |     1 |       ||     1
       Invisible         |       |       |       |     6 ||     6
  Eat: Chunk             |    15 |    12 |    35 |     6 ||    68
Armor: Robe              |    37 |    37 |    81 |    20 ||   175
       Skin              |       |       |       |     6 ||     6
Dodge: Dodged            |    61 |    64 |   144 |    65 ||   334
Block: Shield            |       |       |    96 |    69 ||   165
